Workbook
Name MAPPING: #REF!
Name MAPPING: #REF!
Name MMXII: DATABASE!$1:$1048576
Name MMXII: #REF!
Name MMXIII: #REF!
Name MMXIII: #REF!

Sheet DATABASE
A1: ANNEE | B1: N° | C1: LIBELLE | E1: Janvier | F1: Fevrier | G1: Mars | H1: Avril | I1: Mai | J1: Juin | K1: Juillet | L1: Août | M1: Septembre | N1: Octobre | O1: Novembre | P1: Décembre
A2: 2012 | B2: 10100000 | C2: CAPITAUX PRORES | D2: =+VLOOKUP(B2,MAPPING!A:C,3,FALSE) -> CAPITAUX PROPRES | E2: 0 | F2: 0 | G2: 0 | H2: 0 | I2: 0 | J2: 0 | K2: 0 | L2: 0 | M2: 0 | N2: 0 | O2: 0 | P2: 0
A3: 2012 | B3: 10130000 | C3: CAPITAL SOUSCRIT APPELE VERSE | D3: =+VLOOKUP(B3,MAPPING!A:C,3,FALSE) -> CAPITAUX PROPRES | E3: 0 | F3: 0 | G3: 0 | H3: 0 | I3: 0 | J3: 0 | K3: 0 | L3: 0 | M3: 0 | N3: 0 | O3: 0 | P3: 0
A4: 2012 | B4: 10420000 | C4: PRIMES DE FUSION | D4: =+VLOOKUP(B4,MAPPING!A:C,3,FALSE) -> CAPITAUX PROPRES | E4: 0 | F4: 0 | G4: 0 | H4: 0 | I4: 0 | J4: 0 | K4: 0 | L4: 0 | M4: 0 | N4: 0 | O4: 0 | P4: 0
A5: 2012 | B5: 10611000 | C5: RESERVE LEGALE PROPREMENT DITE | D5: =+VLOOKUP(B5,MAPPING!A:C,3,FALSE) -> CAPITAUX PROPRES | E5: 0 | F5: 0 | G5: 0 | H5: 0 | I5: 0 | J5: 0 | K5: 0 | L5: 0 | M5: 0 | N5: 0 | O5: 0 | P5: 0
A6: 2012 | B6: 10630000 | C6: RESERVES STATUT. OU CONTRATUE | D6: =+VLOOKUP(B6,MAPPING!A:C,3,FALSE) -> CAPITAUX PROPRES | E6: 0 | F6: 0 | G6: 0 | H6: 0 | I6: 0 | J6: 0 | K6: 0 | L6: 0 | M6: 0 | N6: 0 | O6: 0 | P6: 0
A7: 2012 | B7: 10648000 | C7: AUTRES RESERVES REGLEMENTEE | D7: =+VLOOKUP(B7,MAPPING!A:C,3,FALSE) -> CAPITAUX PROPRES | E7: 0 | F7: 0 | G7: 0 | H7: 0 | I7: 0 | J7: 0 | K7: 0 | L7: 0 | M7: 0 | N7: 0 | O7: 0 | P7: 0
A8: 2012 | B8: 11000000 | C8: REPORT A NOUVEAU CREDITEUR | D8: =+VLOOKUP(B8,MAPPING!A:C,3,FALSE) -> CAPITAUX PROPRES | E8: 0 | F8: 0 | G8: 0 | H8: 0 | I8: 0 | J8: 0 | K8: 0 | L8: 0 | M8: 0 | N8: 0 | O8: 0 | P8: 0
A9: 2012 | B9: 12910000 | C9: ACOMPTES SUR DIVIDENDES | D9: =+VLOOKUP(B9,MAPPING!A:C,3,FALSE) -> CAPITAUX PROPRES | E9: 0 | F9: 0 | G9: 0 | H9: 0 | I9: 0 | J9: 0 | K9: 0 | L9: 0 | M9: 0 | N9: 0 | O9: 0 | P9: 0
A10: 2012 | B10: 15150000 | C10: PROV. POUR PERTE DE CHANGE | D10: =+VLOOKUP(B10,MAPPING!A:C,3,FALSE) -> PROVISIONS | E10: -91.68 | F10: 8.32 | G10: 108.32 | H10: 208.32 | I10: 308.32 | J10: 408.32 | K10: 508.32 | L10: 608.32 | M10: 708.32 | N10: 808.32 | O10: 908.32 | P10: 1008.32
A11: 2012 | B11: 16490000 | C11: EMPRUNT garp - 13 400 K€ | D11: =+VLOOKUP(B11,MAPPING!A:C,3,FALSE) -> EMPRUNTS | E11: 0 | F11: 0 | G11: 0 | H11: 0 | I11: 0 | J11: 0 | K11: 0 | L11: 0 | M11: 0 | N11: 0 | O11: 0 | P11: 0
A12: 2012 | B12: 16491000 | C12: EMPRUNT garp - 1 093 334 € | D12: =+VLOOKUP(B12,MAPPING!A:C,3,FALSE) -> EMPRUNTS | E12: 820334 | F12: 820434 | G12: 820534 | H12: 820634 | I12: 820734 | J12: 820834 | K12: 820934 | L12: 821034 | M12: 821134 | N12: 821234 | O12: 821334 | P12: 821434
A13: 2012 | B13: 16884000 | C13: INTERETS COURUS SUR EMPRUNTS | D13: =+VLOOKUP(B13,MAPPING!A:C,3,FALSE) -> EMPRUNTS | E13: 4416.69 | F13: 4516.69 | G13: 4616.69 | H13: 4716.69 | I13: 4816.69 | J13: 4916.69 | K13: 5016.69 | L13: 5116.69 | M13: 5216.69 | N13: 5316.69 | O13: 5416.69 | P13: 5516.69
... A468: 2013 | B468: 10100000 | C468: CAPITAUX PRORES | D468: =+VLOOKUP(B468,MAPPING!A:C,3,FALSE) -> CAPITAUX PROPRES | E468: 0 | F468: 0 | G468: 0 | H468: 0 | I468: 0 | J468: 0 | K468: 0 | L468: 0 | M468: 0 | N468: 0 | O468: 0 | P468: 1
A469: 2013 | B469: 10130000 | C469: CAPITAL SOUSCRIT APPELE VERSE | D469: =+VLOOKUP(B469,MAPPING!A:C,3,FALSE) -> CAPITAUX PROPRES | E469: 0 | F469: 0 | G469: 0 | H469: 0 | I469: 0 | J469: 0 | K469: 0 | L469: 0 | M469: 0 | N469: 0 | O469: 0
A470: 2013 | B470: 10420000 | C470: PRIMES DE FUSION | D470: =+VLOOKUP(B470,MAPPING!A:C,3,FALSE) -> CAPITAUX PROPRES | E470: 0 | F470: 0 | G470: 0 | H470: 0 | I470: 0 | J470: 0 | K470: 0 | L470: 0 | M470: 0 | N470: 0 | O470: 0
A471: 2013 | B471: 10611000 | C471: RESERVE LEGALE PROPREMENT DITE | D471: =+VLOOKUP(B471,MAPPING!A:C,3,FALSE) -> CAPITAUX PROPRES | E471: 0 | F471: 0 | G471: 0 | H471: 0 | I471: 0 | J471: 0 | K471: 0 | L471: 0 | M471: 0 | N471: 0 | O471: 0
A472: 2013 | B472: 10630000 | C472: RESERVES STATUT. OU CONTRATUE | D472: =+VLOOKUP(B472,MAPPING!A:C,3,FALSE) -> CAPITAUX PROPRES | E472: 0 | F472: 0 | G472: 0 | H472: 0 | I472: 0 | J472: 0 | K472: 0 | L472: 0 | M472: 0 | N472: 0 | O472: 0
A473: 2013 | B473: 10648000 | C473: AUTRES RESERVES REGLEMENTEE | D473: =+VLOOKUP(B473,MAPPING!A:C,3,FALSE) -> CAPITAUX PROPRES | E473: 0 | F473: 0 | G473: 0 | H473: 0 | I473: 0 | J473: 0 | K473: 0 | L473: 0 | M473: 0 | N473: 0 | O473: 0
A474: 2013 | B474: 11000000 | C474: REPORT A NOUVEAU CREDITEUR | D474: =+VLOOKUP(B474,MAPPING!A:C,3,FALSE) -> CAPITAUX PROPRES | E474: 0 | F474: 0 | G474: 0 | H474: 0 | I474: 0 | J474: 0 | K474: 0 | L474: 0 | M474: 0 | N474: 0 | O474: 0
A475: 2013 | B475: 12910000 | C475: ACOMPTES SUR DIVIDENDES | D475: =+VLOOKUP(B475,MAPPING!A:C,3,FALSE) -> CAPITAUX PROPRES | E475: 0 | F475: 0 | G475: 0 | H475: 0 | I475: 0 | J475: 0 | K475: 0 | L475: 0 | M475: 0 | N475: 0 | O475: 0
A476: 2013 | B476: 15150000 | C476: PROV. POUR PERTE DE CHANGE | D476: =+VLOOKUP(B476,MAPPING!A:C,3,FALSE) -> PROVISIONS | E476: 108.32 | F476: 208.32 | G476: 308.32 | H476: 408.32 | I476: 508.32 | J476: 608.32 | K476: 708.32 | L476: 808.32 | M476: 908.32 | N476: 1008.32 | O476: 1108.32
A477: 2013 | B477: 16490000 | C477: EMPRUNT - 13 400 K€ | D477: =+VLOOKUP(B477,MAPPING!A:C,3,FALSE) -> EMPRUNTS | E477: 0 | F477: 0 | G477: 0 | H477: 0 | I477: 0 | J477: 0 | K477: 0 | L477: 0 | M477: 0 | N477: 0 | O477: 0
A478: 2013 | B478: 16491000 | C478: EMPRUNT - 1 093 334 € | D478: =+VLOOKUP(B478,MAPPING!A:C,3,FALSE) -> EMPRUNTS | E478: 820534 | F478: 820634 | G478: 820734 | H478: 820834 | I478: 820934 | J478: 821034 | K478: 821134 | L478: 821234 | M478: 821334 | N478: 821434 | O478: 821534
A479: 2013 | B479: 16884000 | C479: INTERETS COURUS SUR EMPRUNTS | D479: =+VLOOKUP(B479,MAPPING!A:C,3,FALSE) -> EMPRUNTS | E479: 4616.69 | F479: 4716.69 | G479: 4816.69 | H479: 4916.69 | I479: 5016.69 | J479: 5116.69 | K479: 5216.69 | L479: 5316.69 | M479: 5416.69 | N479: 5516.69 | O479: 5616.69
A480: 2013 | B480: 20500100 | C480: CONCESS & DROITS - D TECH. | D480: =+VLOOKUP(B480,MAPPING!A:C,3,FALSE) -> ACTIFS | E480: 0 | F480: 0 | G480: 0 | H480: 0 | I480: 0 | J480: 0 | K480: 0 | L480: 0 | M480: 0 | N480: 0 | O480: 0
... A933: 2013 | B933: 79100000 | C933: TRANSFERTS CHARGES D'EXPLOITA. | D933: =+VLOOKUP(B933,MAPPING!A:C,3,FALSE) -> OTHER | E933: -35797.13 | F933: -35697.13 | G933: -35597.13 | H933: -35497.13 | I933: -35397.13 | J933: -35297.13 | K933: -35197.13 | L933: -35097.13 | M933: -34997.13 | N933: -34897.13 | O933: -34797.13

Sheet REPORTING
B1: MOIS | C1: FÉVRIER
B2: ANNEE | C2: 2012
B3: GARP | J3: GARP
B5: MENSUEL | J5: CUMULE
B6: In KEUR | C6: ACTUAL | D6: % | E6: BUDGET | F6: % | G6: Variance | H6: % | J6: In KEUR | K6: ACTUAL | L6: % | M6: BUDGET | N6: % | O6: Variance | P6: %
B8: Turnover | C8: =+C9+C10 -> 0 | D8: 100 | E8: =+E9+E10 -> #REF! | F8: 100 | G8: =+C8-E8 -> #REF! | H8: =IFERROR((G8/E8*100),0) -> 0 | J8: Turnover | K8: =+K9+K10 -> 0 | L8: 100 | M8: =+M9+M10 -> #REF! | N8: 100 | O8: =+K8-M8 -> #REF! | P8: =IFERROR((O8/M8*100),0) -> 0
A9: REVENUES | B9: Turnover Third parties | E9: =+SUMIF(#REF!,REPORTING!A9,#REF!) -> #REF! | G9: =+C9-E9 -> #REF! | J9: Turnover Third parties | M9: =+SUMIF(#REF!,REPORTING!A9,#REF!) -> #REF! | O9: =+K9-M9 -> #REF!
A10: REVENUES IC | B10: Turnover I/C | G10: =+C10-E10 -> 0 | J10: Turnover I/C | O10: =+K10-M10 -> 0
B11: COGS | C11: =SUM(C12:C13) -> 0 | D11: =IFERROR((C11/C8*100),0) -> 0 | E11: =SUM(E12:E13) -> #REF! | F11: =IFERROR((E11/E8*100),0) -> 0 | G11: =+C11-E11 -> #REF! | H11: =IFERROR((G11/E11*100),0) -> 0 | J11: COGS | K11: =SUM(K12:K13) -> 0 | L11: =IFERROR((K11/K8*100),0) -> 0 | M11: =SUM(M12:M13) -> #REF! | N11: =IFERROR((M11/M8*100),0) -> 0 | O11: =+K11-M11 -> #REF! | P11: =IFERROR((O11/M11*100),0) -> 0
A12: COGS | B12: COGS Third parties | D12: =IFERROR(C12/C8*100,"") | E12: =-SUMIF(#REF!,REPORTING!A12,#REF!) -> #REF! | F12: =IFERROR((E12/E8*100),0) -> 0 | G12: =+C12-E12 -> #REF! | J12: COGS Third parties | L12: =+K12/K8*100 -> #DIV/0! | M12: =-SUMIF(#REF!,REPORTING!A12,#REF!) -> #REF! | N12: =IFERROR((M12/M8*100),0) -> 0 | O12: =+K12-M12 -> #REF!
A13: COGS IC | B13: COGS I/C | E13: =-SUMIF(#REF!,REPORTING!A13,#REF!) -> #REF! | J13: COGS I/C | M13: =-SUMIF(#REF!,REPORTING!A13,#REF!) -> #REF!
B14: Gross Profit | C14: =+C8+C11 -> 0 | D14: =+C14/C8*100 -> #DIV/0! | E14: =+E8+E11 -> #REF! | F14: =IFERROR((E14/E8*100),0) -> 0 | G14: =+C14-E14 -> #REF! | H14: =IFERROR((G14/E14*100),0) -> 0 | J14: Gross Profit | K14: =+K8+K11 -> 0 | L14: =+K14/K8*100 -> #DIV/0! | M14: =+M8+M11 -> #REF! | N14: =IFERROR((M14/M8*100),0) -> 0 | O14: =+K14-M14 -> #REF! | P14: =IFERROR((O14/M14*100),0) -> 0
A15: DISTRIBUTIONS COSTS | B15: Distribution costs | D15: =-C15/$C$8*100 -> #DIV/0! | E15: =-SUMIF(#REF!,REPORTING!A15,#REF!) -> #REF! | F15: =-E15/$E$8*100 -> #REF! | G15: =+C15-E15 -> #REF! | H15: =IFERROR((G15/E15*100),0) -> 0 | J15: Distribution costs | K15: =-SUMIF(#REF!,REPORTING!A15,#REF!) -> #REF! | L15: =-K15/$K$8*100 -> #REF! | M15: =-SUMIF(#REF!,REPORTING!A15,#REF!) -> #REF! | N15: =-M15/$M$8*100 -> #REF! | O15: =+K15-M15 -> #REF! | P15: =IFERROR((O15/M15*100),0) -> 0
A16: FEE RETROCESSIONS | B16: Commissions | D16: =-C16/$C$8*100 -> #DIV/0! | E16: =-SUMIF(#REF!,REPORTING!A16,#REF!) -> #REF! | F16: =-E16/$E$8*100 -> #REF! | G16: =+C16-E16 -> #REF! | H16: =IFERROR((G16/E16*100),0) -> 0 | J16: Commissions | K16: =-SUMIF(#REF!,REPORTING!A16,#REF!) -> #REF! | L16: =-K16/$K$8*100 -> #REF! | M16: =-SUMIF(#REF!,REPORTING!A16,#REF!) -> #REF! | N16: =-M16/$M$8*100 -> #REF! | O16: =+K16-M16 -> #REF! | P16: =IFERROR((O16/M16*100),0) -> 0
A17: TRANSPORT COSTS | B17: Transport costs | D17: =-C17/$C$8*100 -> #DIV/0! | E17: =-SUMIF(#REF!,REPORTING!A17,#REF!) -> #REF! | F17: =-E17/$E$8*100 -> #REF! | G17: =+C17-E17 -> #REF! | H17: =IFERROR((G17/E17*100),0) -> 0 | J17: Transport costs | K17: =-SUMIF(#REF!,REPORTING!A17,#REF!) -> #REF! | L17: =-K17/$K$8*100 -> #REF! | M17: =-SUMIF(#REF!,REPORTING!A17,#REF!) -> #REF! | N17: =-M17/$M$8*100 -> #REF! | O17: =+K17-M17 -> #REF! | P17: =IFERROR((O17/M17*100),0) -> 0
A18: OTHER | B18: Other | D18: =-C18/$C$8*100 -> #DIV/0! | E18: =-SUMIF(#REF!,REPORTING!A18,#REF!) -> #REF! | F18: =-E18/$E$8*100 -> #REF! | G18: =+C18-E18 -> #REF! | H18: =IFERROR((G18/E18*100),0) -> 0 | J18: Other | K18: =-SUMIF(#REF!,REPORTING!A18,#REF!) -> #REF! | L18: =-K18/$K$8*100 -> #REF! | M18: =-SUMIF(#REF!,REPORTING!A18,#REF!) -> #REF! | N18: =-M18/$M$8*100 -> #REF! | O18: =+K18-M18 -> #REF! | P18: =IFERROR((O18/M18*100),0) -> 0
A19: ANALYSES | B19: Product analyses | D19: =-C19/$C$8*100 -> #DIV/0! | E19: =-SUMIF(#REF!,REPORTING!A19,#REF!) -> #REF! | F19: =-E19/$E$8*100 -> #REF! | G19: =+C19-E19 -> #REF! | H19: =IFERROR((G19/E19*100),0) -> 0 | J19: Product analyses | K19: =-SUMIF(#REF!,REPORTING!A19,#REF!) -> #REF! | L19: =-K19/$K$8*100 -> #REF! | M19: =-SUMIF(#REF!,REPORTING!A19,#REF!) -> #REF! | N19: =-M19/$M$8*100 -> #REF! | O19: =+K19-M19 -> #REF! | P19: =IFERROR((O19/M19*100),0) -> 0
A20: MIDDLEMEN REMUNERATIONS | B20: Middlemen remunerations | D20: =-C20/$C$8*100 -> #DIV/0! | E20: =-SUMIF(#REF!,REPORTING!A20,#REF!) -> #REF! | F20: =-E20/$E$8*100 -> #REF! | G20: =+C20-E20 -> #REF! | H20: =IFERROR((G20/E20*100),0) -> 0 | J20: Middlemen remunerations | K20: =-SUMIF(#REF!,REPORTING!A20,#REF!) -> #REF! | L20: =-K20/$K$8*100 -> #REF! | M20: =-SUMIF(#REF!,REPORTING!A20,#REF!) -> #REF! | N20: =-M20/$M$8*100 -> #REF! | O20: =+K20-M20 -> #REF! | P20: =IFERROR((O20/M20*100),0) -> 0
A21: RENTAL | B21: Rentals | D21: =-C21/$C$8*100 -> #DIV/0! | E21: =-SUMIF(#REF!,REPORTING!A21,#REF!) -> #REF! | F21: =-E21/$E$8*100 -> #REF! | G21: =+C21-E21 -> #REF! | H21: =IFERROR((G21/E21*100),0) -> 0 | J21: Rentals | K21: =-SUMIF(#REF!,REPORTING!A21,#REF!) -> #REF! | L21: =-K21/$K$8*100 -> #REF! | M21: =-SUMIF(#REF!,REPORTING!A21,#REF!) -> #REF! | N21: =-M21/$M$8*100 -> #REF! | O21: =+K21-M21 -> #REF! | P21: =IFERROR((O21/M21*100),0) -> 0
A22: WAGES | B22: Wages | D22: =-C22/$C$8*100 -> #DIV/0! | E22: =-SUMIF(#REF!,REPORTING!A22,#REF!) -> #REF! | F22: =-E22/$E$8*100 -> #REF! | G22: =+C22-E22 -> #REF! | H22: =IFERROR((G22/E22*100),0) -> 0 | J22: Wages | K22: =-SUMIF(#REF!,REPORTING!A22,#REF!) -> #REF! | L22: =-K22/$K$8*100 -> #REF! | M22: =-SUMIF(#REF!,REPORTING!A22,#REF!) -> #REF! | N22: =-M22/$M$8*100 -> #REF! | O22: =+K22-M22 -> #REF! | P22: =IFERROR((O22/M22*100),0) -> 0
A23: SOCIAL SECURITY CONTRIBUTIONS | B23: Social charges | D23: =-C23/$C$8*100 -> #DIV/0! | E23: =-SUMIF(#REF!,REPORTING!A23,#REF!) -> #REF! | F23: =-E23/$E$8*100 -> #REF! | G23: =+C23-E23 -> #REF! | H23: =IFERROR((G23/E23*100),0) -> 0 | J23: Social charges | K23: =-SUMIF(#REF!,REPORTING!A23,#REF!) -> #REF! | L23: =-K23/$K$8*100 -> #REF! | M23: =-SUMIF(#REF!,REPORTING!A23,#REF!) -> #REF! | N23: =-M23/$M$8*100 -> #REF! | O23: =+K23-M23 -> #REF! | P23: =IFERROR((O23/M23*100),0) -> 0
A24: TAXES | B24: Taxes | D24: =-C24/$C$8*100 -> #DIV/0! | E24: =-SUMIF(#REF!,REPORTING!A24,#REF!) -> #REF! | F24: =-E24/$E$8*100 -> #REF! | G24: =+C24-E24 -> #REF! | H24: =IFERROR((G24/E24*100),0) -> 0 | J24: Taxes | K24: =-SUMIF(#REF!,REPORTING!A24,#REF!) -> #REF! | L24: =-K24/$K$8*100 -> #REF! | M24: =-SUMIF(#REF!,REPORTING!A24,#REF!) -> #REF! | N24: =-M24/$M$8*100 -> #REF! | O24: =+K24-M24 -> #REF! | P24: =IFERROR((O24/M24*100),0) -> 0
A25: SUBVENTION | B25: Subventions | D25: =-C25/$C$8*100 -> #DIV/0! | E25: =-SUMIF(#REF!,REPORTING!A25,#REF!) -> #REF! | F25: =-E25/$E$8*100 -> #REF! | G25: =+C25-E25 -> #REF! | H25: =IFERROR((G25/E25*100),0) -> 0 | J25: Subventions | K25: =-SUMIF(#REF!,REPORTING!A25,#REF!) -> #REF! | L25: =-K25/$K$8*100 -> #REF! | M25: =-SUMIF(#REF!,REPORTING!A25,#REF!) -> #REF! | N25: =-M25/$M$8*100 -> #REF! | O25: =+K25-M25 -> #REF! | P25: =IFERROR((O25/M25*100),0) -> 0
A26: PROVISION EBITDA | B26: A/R, Stocks provisions | D26: =-C26/$C$8*100 -> #DIV/0! | E26: =-SUMIF(#REF!,REPORTING!A26,#REF!) -> #REF! | F26: =-E26/$E$8*100 -> #REF! | G26: =+C26-E26 -> #REF! | H26: =IFERROR((G26/E26*100),0) -> 0 | J26: A/R, Stocks provisions | K26: =-SUMIF(#REF!,REPORTING!A26,#REF!) -> #REF! | L26: =-K26/$K$8*100 -> #REF! | M26: =-SUMIF(#REF!,REPORTING!A26,#REF!) -> #REF! | N26: =-M26/$M$8*100 -> #REF! | O26: =+K26-M26 -> #REF! | P26: =IFERROR((O26/M26*100),0) -> 0
B27: Total operating costs | C27: =SUM(C15:C26) -> 0 | D27: =-C27/$C$8*100 -> #DIV/0! | E27: =SUM(E15:E26) -> #REF! | F27: =-E27/$E$8*100 -> #REF! | G27: =SUM(G15:G26) -> #REF! | H27: =IFERROR((G27/E27*100),0) -> 0 | J27: Total operating costs | K27: =SUM(K15:K26) -> #REF! | L27: =-K27/$K$8*100 -> #REF! | M27: =SUM(M15:M26) -> #REF! | N27: =-M27/$M$8*100 -> #REF! | O27: =SUM(O15:O26) -> #REF! | P27: =IFERROR((O27/M27*100),0) -> 0
B28: EBITDA | C28: =+C14+C27 -> 0 | D28: =+C28/$C$8*100 -> #DIV/0! | E28: =+E14+E27 -> #REF! | F28: =IFERROR((E28/$E$8*100),0) -> 0 | G28: =+C28-E28 -> #REF! | H28: =IFERROR((G28/E28*100),0) -> 0 | J28: EBITDA | K28: =+K14+K27 -> #REF! | L28: =+K28/$K$8*100 -> #REF! | M28: =+M14+M27 -> #REF! | N28: =IFERROR((M28/$M$8*100),0) -> 0 | O28: =+K28-M28 -> #REF! | P28: =IFERROR((O28/M28*100),0) -> 0
A29: DA | B29: Depreciation | E29: =-SUMIF(#REF!,REPORTING!A29,#REF!) -> #REF! | G29: =+C29-E29 -> #REF! | H29: =IFERROR((G29/E29*100),0) -> 0 | J29: Depreciation | K29: =-SUMIF(#REF!,REPORTING!A29,#REF!) -> #REF! | M29: =-SUMIF(#REF!,REPORTING!A29,#REF!) -> #REF! | O29: =+K29-M29 -> #REF! | P29: =IFERROR((O29/M29*100),0) -> 0
A30: PROVISION | B30: Provisions | E30: =-SUMIF(#REF!,REPORTING!A30,#REF!) -> #REF! | G30: =+C30-E30 -> #REF! | H30: =IFERROR((G30/E30*100),0) -> 0 | J30: Provisions | K30: =-SUMIF(#REF!,REPORTING!A30,#REF!) -> #REF! | M30: =-SUMIF(#REF!,REPORTING!A30,#REF!) -> #REF! | O30: =+K30-M30 -> #REF! | P30: =IFERROR((O30/M30*100),0) -> 0
B31: Operating Profit | C31: =+C28+C29+C30 -> 0 | D31: =+C31/$C$8*100 -> #DIV/0! | E31: =+E28+E29+E30 -> #REF! | F31: =IFERROR((E31/$E$8*100),0) -> 0 | G31: =+C31-E31 -> #REF! | H31: =IFERROR((G31/E31*100),0) -> 0 | J31: Operating Profit | K31: =+K28+K29+K30 -> #REF! | L31: =+K31/$K$8*100 -> #REF! | M31: =+M28+M29+M30 -> #REF! | N31: =IFERROR((M31/$M$8*100),0) -> 0 | O31: =+K31-M31 -> #REF! | P31: =IFERROR((O31/M31*100),0) -> 0
A32: FINANCIAL RESULT PROV | B32: Financial Provision | E32: =-SUMIF(#REF!,REPORTING!A32,#REF!) -> #REF! | G32: =+C32-E32 -> #REF! | H32: =IFERROR((G32/E32*100),0) -> 0 | J32: Financial Provision | K32: =-SUMIF(#REF!,REPORTING!A32,#REF!) -> #REF! | M32: =-SUMIF(#REF!,REPORTING!A32,#REF!) -> #REF! | O32: =+K32-M32 -> #REF! | P32: =IFERROR((O32/M32*100),0) -> 0
A33: FINANCIAL RESULT | B33: Financial incomes and charges | E33: =-SUMIF(#REF!,REPORTING!A33,#REF!) -> #REF! | G33: =+C33-E33 -> #REF! | H33: =IFERROR((G33/E33*100),0) -> 0 | J33: Financial incomes and charges | K33: =-SUMIF(#REF!,REPORTING!A33,#REF!) -> #REF! | M33: =-SUMIF(#REF!,REPORTING!A33,#REF!) -> #REF! | O33: =+K33-M33 -> #REF! | P33: =IFERROR((O33/M33*100),0) -> 0
B34: Financial Result | C34: =+C32+C33 -> 0 | E34: =+E32+E33 -> #REF! | G34: =+C34-E34 -> #REF! | H34: =IFERROR((G34/E34*100),0) -> 0 | J34: Financial Result | K34: =+K32+K33 -> #REF! | M34: =+M32+M33 -> #REF! | O34: =+K34-M34 -> #REF! | P34: =IFERROR((O34/M34*100),0) -> 0
A35: EXCEPTIONAL ITEMS PROV | B35: Exceptional Provision | E35: =-SUMIF(#REF!,REPORTING!A35,#REF!) -> #REF! | G35: =+C35-E35 -> #REF! | H35: =IFERROR((G35/E35*100),0) -> 0 | J35: Exceptional Provision | K35: =-SUMIF(#REF!,REPORTING!A35,#REF!) -> #REF! | M35: =-SUMIF(#REF!,REPORTING!A35,#REF!) -> #REF! | O35: =+K35-M35 -> #REF! | P35: =IFERROR((O35/M35*100),0) -> 0
A36: EXCEPTIONAL ITEMS | B36: Exceptional incomes and charges | E36: =-SUMIF(#REF!,REPORTING!A36,#REF!) -> #REF! | G36: =+C36-E36 -> #REF! | H36: =IFERROR((G36/E36*100),0) -> 0 | J36: Exceptional incomes and charges | K36: =-SUMIF(#REF!,REPORTING!A36,#REF!) -> #REF! | M36: =-SUMIF(#REF!,REPORTING!A36,#REF!) -> #REF! | O36: =+K36-M36 -> #REF! | P36: =IFERROR((O36/M36*100),0) -> 0
B37: Exceptional Result | C37: =SUM(C35:C36) -> 0 | E37: =-SUM(E35:E36) -> #REF! | G37: =+C37-E37 -> #REF! | H37: =IFERROR((G37/E37*100),0) -> 0 | J37: Exceptional Result | K37: =SUM(K35:K36) -> #REF! | M37: =-SUM(M35:M36) -> #REF! | O37: =+K37-M37 -> #REF! | P37: =IFERROR((O37/M37*100),0) -> 0
B38: Profit before corporate income tax | C38: =+C31+C34+C37 -> 0 | D38: =+C38/$C$8*100 -> #DIV/0! | E38: =+E31+E34+E37 -> #REF! | F38: =IFERROR((E38/$E$8*100),0) -> 0 | G38: =+C38-E38 -> #REF! | H38: =IFERROR((G38/E38*100),0) -> 0 | J38: Profit before corporate income tax | K38: =+K31+K34+K37 -> #REF! | L38: =+K38/$K$8*100 -> #REF! | M38: =+M31+M34+M37 -> #REF! | N38: =IFERROR((M38/$M$8*100),0) -> 0 | O38: =+K38-M38 -> #REF! | P38: =IFERROR((O38/M38*100),0) -> 0
A39: TAXATION | B39: Corporate income tax | E39: =-SUMIF(#REF!,REPORTING!A39,#REF!) -> #REF! | G39: =+C39-E39 -> #REF! | H39: =IFERROR((G39/E39*100),0) -> 0 | J39: Corporate income tax | K39: =-SUMIF(#REF!,REPORTING!A39,#REF!) -> #REF! | M39: =-SUMIF(#REF!,REPORTING!A39,#REF!) -> #REF! | O39: =+K39-M39 -> #REF! | P39: =IFERROR((O39/M39*100),0) -> 0
B40: Net Result | C40: =+C38+C39 -> 0 | D40: =+C40/$C$8*100 -> #DIV/0! | E40: =+E38+E39 -> #REF! | F40: =IFERROR((E40/$E$8*100),0) -> 0 | G40: =+C40-E40 -> #REF! | H40: =IFERROR((G40/E40*100),0) -> 0 | J40: Net Result | K40: =+K38+K39 -> #REF! | L40: =+K40/$K$8*100 -> #REF! | M40: =+M38+M39 -> #REF! | N40: =IFERROR((M40/$M$8*100),0) -> 0 | O40: =+K40-M40 -> #REF! | P40: =IFERROR((O40/M40*100),0) -> 0
A41: 89999999 | B41: Check BG | C41: =+VLOOKUP(A41,#REF!,5,FALSE)+REPORTING!C40 -> #REF! | J41: Check BG | K41: =+VLOOKUP(A41,#REF!,5,FALSE)+K40 -> #REF!

Sheet MAPPING
A1: COMPTE | B1: LIBELLE
A2: 10100000 | B2: CAPITAUX PRORES | C2: CAPITAUX PROPRES
A3: 10130000 | B3: CAPITAL SOUSCRIT APPELE VERSE | C3: CAPITAUX PROPRES
A4: 10420000 | B4: PRIMES DE FUSION | C4: CAPITAUX PROPRES
A5: 10611000 | B5: RESERVE LEGALE PROPREMENT DITE | C5: CAPITAUX PROPRES
A6: 10612000 | B6: PLUS-VALUES NETTES A LONG TERM | C6: CAPITAUX PROPRES
A7: 10630000 | B7: RESERVES STATUT. OU CONTRACTUE | C7: CAPITAUX PROPRES
A8: 10648000 | B8: AUTRES RESERVES REGLEMENTEES | C8: CAPITAUX PROPRES
A9: 11000000 | B9: REPORT A NOUVEAU CREDITEUR | C9: CAPITAUX PROPRES
A10: 11900000 | B10: REPORT A NOUVEAU DEBITEUR | C10: CAPITAUX PROPRES
A11: 12000000 | B11: RESULTAT EXERCICE (BENEFICE) | C11: CAPITAUX PROPRES
A12: 12910000 | B12: ACOMPTES SUR DIVIDENDES | C12: CAPITAUX PROPRES
A13: 12999999 | B13: Total | C13: TOTAL
... A728: 999999990 | B728: REPRISE A NOUVEAUX | C728: TOTAL
A729: 44566110 | B729: TVA SUR ENC A DECLARER

Sheet Feuille de dialogue
A3: Salut Manu
A5: Je t'explique ce que je veux faire :
A7: Feuille reporting
B8: cellule en jaune : | D8: Je souhaite aller chercher la valeur dans la feuille database mais en fonction de deux critères, le mois et l'année en couleur bleu
B9: cellule en vert : | D9: Je souhaite aller chercher le cumul des valeurs dans la feuille database en fonction de deux critères, le mois et l'année en couleur bleu.
D10: Exemple : | E10: Si je mets Septembre et 2012. Je souhaite avec le cumul des valeur de la feuille database de janvier à septembre.
B12: Si tu as trouvé la solution fais juste les premières formules, je m'inspirerai de ce que tu as fait pour compléter mon fichier.
B14: Merci pour ton aide.
B15: Patrick
